 Dungeon Crawl Stone Soup version 0.29-a0-620-g13ace881f2 (webtiles) character file.

Game seed: 8413819315946123878

709 Kaemin the Slasher (level 7, -12/61 HPs)
             Began as a Minotaur Berserker on June 19, 2022.
             Was a Priest of Trog.
             Killed by an exploding gnoll (21 damage)
             ... ignited by their inner flame
             ... on level 5 of the Dungeon.
             The game lasted 00:30:36 (5043 turns).

Kaemin the Slasher (Minotaur Berserker)             Turns: 5043, Time: 00:30:37

Health: -12/61     AC: 13    Str: 23    XL:     7   Next: 40%
Magic:  15/15      EV:  7    Int:  4    God:    Trog [***...]
Gold:   1054       SH:  0    Dex: 10    Spells: 6/6 levels left

rFire   . . .      SeeInvis .   F - +1 demon blade (venom)
rCold   . . .      Faith    .   (no shield)
rNeg    . . .      Spirit   .   M - +0 plate armour
rPois   .          Reflect  .   (helmet restricted)
rElec   .          Harm     .   (no cloak)
rCorr   .          Rampage  .   C - +0 pair of gloves {hurl}
Will    ++...                   (no boots)
Stlth   ..........              (no amulet)
HPRegen 1.20/turn               i - ring of magical power
MPRegen 0.14/turn               u - ring of flight

@: strong-willed (expiring), on berserk cooldown, attractive, flying,
regenerating (expiring), slowed, very slow
A: horns 2, retaliatory headbutt
a: Renounce Religion, Berserk, Trog's Hand


You were on level 5 of the Dungeon.
You worshipped Trog.
Trog was most pleased with you.
You visited 1 branch of the dungeon, and saw 5 of its levels.

You collected 1054 gold pieces.

Inventory:

Hand Weapons
 a - a +0 falchion
 l - a +0 short sword of holy wrath
 t - the +4 dagger "Morg" {pain, Will+ Int+5}
   (You found it on level 4 of the Dungeon)

   In the hands of one skilled in necromantic magic, it inflicts extra damage on
   living creatures.
   Int:       It affects your intelligence (+5).
   Will:      It increases your willpower.
   Trog disapproves of the use of such an item.
 F - a +1 demon blade of venom (weapon)
Missiles
 e - 3 boomerangs (quivered)
 r - 14 poisoned darts
Armour
 b - a +0 animal skin
 c - a +0 ring mail
 k - a +0 ring mail
 m - a +0 barding
 q - a +0 scale mail
 C - a +0 pair of gloves of hurling (worn)
 I - a +0 ring mail
 J - a +0 chain mail
 K - a +0 helmet
 M - a +0 plate armour (worn)
Jewellery
 i - a ring of magical power (left hand)
 u - a ring of flight (right hand)
 y - a ring of fire
 A - a ring of protection from cold
Wands
 v - a wand of light (8)
 z - a wand of paralysis (5)
Scrolls
 h - a scroll of fog
 o - a scroll of poison
 s - a scroll of silence
 G - 2 scrolls of teleportation
Potions
 d - a potion of cancellation {unknown}
 f - 2 potions of flight {unknown}
 g - 2 potions of haste
 j - a potion of degeneration {unknown}
 p - a potion of might {unknown}
 w - 2 potions of curing {unknown}
 x - a potion of magic {unknown}
 B - a potion of invisibility {unknown}
 D - a potion of resistance {unknown}


   Skills:
 + Level 5.4 Fighting
 + Level 7.3 Long Blades
 + Level 5.7 Armour
 + Level 3.2 Dodging
 + Level 1.1 Stealth


You had 6 spell levels left.
You didn't know any spells.
Your spell library was empty.

Dungeon Overview and Level Annotations

Branches:
Dungeon (5/15)
 Temple: D:4-7

Altars:
Kikubaaqudgha
Zin


Innate Abilities, Weirdness & Mutations

You have a pair of horns on your head.
You reflexively headbutt those who attack you in melee.


Message History

The quokka bites you but does no damage.
The adder bites you but does no damage. The gnoll hits you but does no damage.
The gnoll hits you from afar with a +0 halberd!
The quokka bites you but does no damage.
The adder bites you but does no damage. The gnoll is attracted toward you. x2
The orc is attracted toward you.
You are a level 7 Minotaur Berserker.
You are 40% of the way to level 8.
Play time: 00:29:46 (5042 turns).
Zot will find you in 24911 turns if you stay in this branch and explore no new floors.
Read: scroll of immolation
Press: ? - help, Q - select action, (/) - cycle Dir - look around, f - activate Look: a gnoll, wielding a +0 halberd (susceptible)
As you read the scroll of immolation, it crumbles to dust.
The creatures around you are filled with an inner flame!
You feel sick. The quokka barely misses you.
The adder bites you but does no damage. The gnoll barely misses you.
The gnoll closely misses you. You furiously retaliate!
You headbutt the gnoll.
Flame seeps out of the gnoll.
The quokka bites you but does no damage.
The adder bites you but does no damage. The gnoll hits you with a +0 halberd!
* * * LOW HITPOINT WARNING * * *
The gnoll is engulfed in blazing flames.
Flame seeps out of the gnoll.
The gnoll hits you with a +0 spear.
* * * LOW HITPOINT WARNING * * *
The gnoll attacks as you move away! The gnoll hits you but does no damage.
An orc comes into view. It is wielding a +0 short sword.
You feel sick.
You are no longer poisoned.
The orc shouts!
The adder bites you but does no damage.
An orc comes into view. It is wielding a +0 falchion.
The gnoll is engulfed in blazing flames.
Trog accepts your kill.
The gnoll explodes!
The fiery explosion engulfs the gnoll!!
Trog accepts your kill.
The fiery explosion engulfs the quokka!!!
Trog accepts your kill. The fiery explosion engulfs you!!
You die...

... #..##
#o..##...# ###
.##.......##..##
.o...........?#
##.......<.#..#
##.....$......##
..........?....#
..#.†oS......##
. #..§@.....##
......§°.......#
..###§§.....<###
#.........#
.......#....#
.......##..###
.......## .#
PP♣..##. .#


You could see an adder (inner flame) and 3 orcs.

Vanquished Creatures
  Grinder (D:3)
  The ghost of DocClef the Skirmisher, an amateur GrFi (D:3)
  A phantom (D:5)
  3 hounds
  2 iguanas (D:5)
  3 gnolls (D:5)
  7 adders
  A shadow imp (D:5)
  A dart slug (D:3)
  3 orcs
  4 bats
  12 endoplasms
  12 giant cockroaches
  4 goblins
  10 hobgoblins
  6 jackals
  3 quokkas
  6 ball pythons
  4 frilled lizards
  8 kobolds
  13 rats
105 creatures vanquished.

Notes
Turn   | Place    | Note
-------+----------+-------------------------------------------
     0 | D:1      | Kaemin the Minotaur Berserker began the quest for the Orb.
     0 | D:1      | Reached XP level 1. HP: 19/19 MP: 0/0
   175 | D:1      | Found a faded altar of an unknown god.
   257 | D:1      | Reached skill level 4 in Long Blades
   257 | D:1      | Reached XP level 2. HP: 23/27 MP: 1/1
   440 | D:1      | Reached ** piety under Trog
   534 | D:1      | Reached XP level 3. HP: 33/33 MP: 2/2
  1479 | D:2      | Found a glowing silver altar of Zin.
  1954 | D:2      | Reached XP level 4. HP: 41/41 MP: 3/3
  1957 | D:2      | Reached skill level 5 in Long Blades
  2557 | D:3      | Found a runed translucent gate.
  2567 | D:3      | Found a runed translucent gate.
  2567 | D:3      | Noticed DocClef's ghost (amateur GrFi)
  2569 | D:3      | Found a runed translucent gate.
  2880 | D:3      | Reached XP level 5. HP: 43/47 MP: 4/4
  3244 | D:3      | Found a faded altar of an unknown god.
  3247 | D:3      | Reached *** piety under Trog
  3258 | D:3      | Found an ancient bone altar of Kikubaaqudgha.
  3288 | D:3      | Noticed Grinder
  3302 | D:3      | Killed Grinder
  3303 | D:3      | Reached skill level 6 in Long Blades
  3303 | D:3      | Reached XP level 6. HP: 41/55 MP: 5/5
  3601 | D:3      | Killed DocClef's ghost
  3602 | D:3      | Reached skill level 5 in Fighting
  3602 | D:3      | Reached skill level 5 in Armour
  3602 | D:3      | Reached skill level 1 in Stealth
  3962 | D:3      | Identified 3 scrolls of acquirement
  3962 | D:3      | Acquired a +0 pair of gloves of hurling
  4147 | D:4      | Acquired a +0 demon blade of venom
  4150 | D:4      | Acquired 835 gold pieces
  4156 | D:4      | Found the +4 dagger "Morg" {pain, Will+ Int+5}
  4258 | D:4      | Reached XP level 7. HP: 53/61 MP: 6/6
  5015 | D:5      | Entered Level 5 of the Dungeon
  5030 | D:5      | Reached skill level 7 in Long Blades
  5043 | D:5      | Killed by an exploding gnoll... ignited by their inner
                  | flame

Illustrated notes

Levels and vault maps discovered:
D:1:      scummos_arrival_star, layout_loops_ring,
          shapermc_ecumenical_altar_ellora
D:2:      layout_basic, basic_altar
D:3:      minmay_roachtagon, layout_basic, nicolae_overflow_ecumenical_swirl,
          gammafunk_ghost_split, dreamdust_princess_corridor, uniq_grinder
D:4:      layout_loops_cross, grunt_ministairs_10, minmay_misc_feat_doors,
          hangedman_decor_points
D:5:      layout_cave_pools, serial_demonic, serial_demonic_c, serial_demonic_b,
          serial_demonic_a, serial_demonic_d, serial_demonic_c,
          serial_demonic_b, serial_demonic_f, serial_demonic_b, minivault_5,
          chequers_serial_rivers_large_b, uniq_sigmund

Skill      XL: |  1  2  3  4  5  6  7 |
---------------+----------------------+-----
Long Blades    | 4 5 6 7 |  7.3
Fighting       | 4 5 |  5.4
Armour         | 3 4 5 |  5.7
Stealth        | 1 |  1.1
Dodging        | 3 |  3.2

Action                   |  1- 3 |  4- 6 |  7- 9 || total
-------------------------+-------+-------+-------++-------
Melee: Falchion          |    92 |    94 |       ||   186
       Headbutt          |    13 |    14 |     3 ||    30
       Demon blade       |       |    13 |    36 ||    49
Invok: Berserk           |     2 |     3 |     1 ||     6
       Trog's Hand       |       |     1 |     1 ||     2
  Use: Scroll            |     3 |     9 |     4 ||    16
       Potion            |       |       |     1 ||     1
Armor: Ring mail         |    27 |       |       ||    27
       Scale mail        |     9 |    46 |     5 ||    60
       Plate armour      |       |       |    40 ||    40
Dodge: Dodged            |    75 |    60 |    30 ||   165

Table legend: (Time is in decaauts)
 A = Elapsed time spent in this place.
 B = Non-inter-level travel time spent in this place.
 C = Inter-level travel time spent in this place.
 D = Time resting spent in this place.
 E = Time spent auto-exploring this place.
 F = Levels seen in this place.
 G = Mean time per level.
                   A        B        C        D        E       F      G
               +--------+--------+--------+--------+--------+-----+--------+
         Total |   5089 |   5054 |     35 |   1158 |    839 |   5 | 1017.8 |
       Dungeon |   5089 |   5054 |     35 |   1158 |    839 |   5 | 1017.8 |
               +--------+--------+--------+--------+--------+-----+--------+

Top non-repeatable levels by time:
     D:3: 1739 daAuts
     D:1: 1466 daAuts
     D:2: 949 daAuts
     D:4: 908 daAuts
     D:5: 26 daAuts
